 Dungeon Crawl Stone Soup version 0.23-a0-405-g368ce00 (webtiles) character file.

95 Gran0la the Chopper (level 4, -3/41 HPs)
             Began as a Minotaur Berserker on Nov 6, 2018.
             Was a Believer of Trog.
             Slain by Grinder (6 damage)
             ... on level 3 of the Dungeon.
             The game lasted 00:09:30 (1752 turns).

Gran0la the Chopper (Minotaur Berserker)            Turns: 1752, Time: 00:09:31

Health: -3/41      AC:  2    Str: 22    XL:     4   Next: 40%
Magic:  3/3        EV: 13    Int:  4    God:    Trog [**....]
Gold:   88         SH:  0    Dex: 10    Spells: 3/3 levels left

rFire    . . .     SeeInvis .   a - +0 hand axe
rCold    . . .     Gourm    .   (no shield)
rNeg     . . .     Faith    .   b - +0 animal skin
rPois    .         Spirit   .   (helmet restricted)
rElec    .         Reflect  .   (no cloak)
rCorr    .         Harm     .   (no gloves)
MR       .....                  (no boots)
Stlth    +.........             (no amulet)
HPRegen  0.13/turn              (no ring)
MPRegen  0.08/turn              (no ring)

@: about to teleport, berserk cooldown, slowed, very slow
A: retaliatory headbutt, horns 2
a: Berserk, Trog's Hand, Renounce Religion


You were on level 3 of the Dungeon.
You worshipped Trog.
Trog was pleased with you.
You were not hungry.

You visited 1 branch of the dungeon, and saw 3 of its levels.

You collected 88 gold pieces.

Inventory:

Hand Weapons
 a - a +0 hand axe (weapon)
 j - a +1 hand axe of electrocution
Armour
 b - a +0 animal skin (worn)
 f - a +0 scale mail
 q - a +0 ring mail
Scrolls
 e - a scroll of teleportation
 g - a scroll of amnesia {unknown}
 i - a scroll of fog {unknown}
 k - 2 scrolls of identify {unknown}
 p - a scroll of immolation {unknown}
Potions
 d - 2 potions of brilliance {unknown}
 h - 2 potions of mutation {unknown}
 m - a potion of flight {unknown}
 n - a potion of haste {unknown}
 o - a potion of ambrosia {unknown}
Comestibles
 c - 2 rations
 l - 4 chunks of flesh


   Skills:
 + Level 4.4 Fighting
 * Level 4.5 Axes
 + Level 3.5 Armour
 + Level 3.1 Dodging


You had 3 spell levels left.
You didn't know any spells.
Your spell library was empty.

Dungeon Overview and Level Annotations

Branches:
Dungeon (3/15)

Altars:
Cheibriados
Hepliaklqana

Annotations:
D:3 Grinder


Innate Abilities, Weirdness & Mutations

You reflexively headbutt those who attack you in melee.
You have a pair of horns on your head.


Message History

You closely miss the goblin. The goblin hits you but does no damage.
Grinder closely misses you.
You closely miss Grinder. Your headbutt misses Grinder.
Grinder is heavily wounded.
You barely miss the goblin. Grinder barely misses you.
The goblin hits you but does no damage. Grinder hits you!
The goblin closely misses you.
You barely miss Grinder.
Grinder is heavily wounded.
You hit the goblin but do no damage. Grinder hits you!
* * * LOW HITPOINT WARNING * * *
The goblin hits you but does no damage. Grinder hits you.
* * * LOW HITPOINT WARNING * * *
You writhe in agony.
* * * LOW HITPOINT WARNING * * *
As you read the scroll of teleportation, it crumbles to dust.
You feel strangely unstable. The goblin misses you. You furiously retaliate!
You headbutt the goblin, but do no damage.
Grinder hits you.
You die...

.........###..................
.........# ###...#............
.........# #####...........รท
.........#### ..............
............# ..............
............+ ...............
........)...###...............
...........................###
...........g@5............
.................##. .....
.................# ..
####............#
................
..#..............
#..............
...............


You could see Grinder and a goblin.

Vanquished Creatures
  A gnoll (D:1)
  3 adders
  2 oozes (D:2)
  2 worms (D:3)
  2 leopard geckos (D:1)
  5 bats
  5 giant cockroaches
  3 goblins
  4 hobgoblins
  7 jackals (D:2)
  3 frilled lizards
  A kobold (D:1)
  3 rats
41 creatures vanquished.

Notes
Turn   | Place    | Note
-------+----------+-------------------------------------------
     0 | D:1      | Gran0la the Minotaur Berserker began the quest for the Orb.
     0 | D:1      | Reached XP level 1. HP: 19/19 MP: 0/0
   114 | D:1      | Reached XP level 2. HP: 22/27 MP: 1/1
   486 | D:1      | Reached XP level 3. HP: 33/33 MP: 2/2
   919 | D:2      | Reached ** piety under Trog
   967 | D:2      | Found a faded altar of an unknown god.
  1110 | D:2      | Found a hazy altar of Hepliaklqana.
  1207 | D:2      | Reached XP level 4. HP: 30/40 MP: 3/3
  1485 | D:2      | Found a snail-covered altar of Cheibriados.
  1736 | D:3      | Noticed Grinder
  1736 | D:3      | Paralysed by Grinder for 3 turns
  1752 | D:3      | Slain by Grinder

Vault maps used:
D:1:      dpeg_arrival_connections, minmay_misc_feat_tower, minmay_box_of_dots
D:2:      cheibriados_altar_1, overflow_temple_1_default,
          chequers_ecumenical_altar_simple_redux
D:3:      minivault_4, uniq_grinder

Skill      XL: |  1  2  3 |
---------------+----------+-----
Fighting       | 4 |  4.4
Axes           | 4 |  4.5
Armour         | 3 |  3.5
Dodging        | 3 |  3.1

Action                   |  1- 3 |  4- 6 || total
-------------------------+-------+-------++-------
Melee: Hand axe          |    72 |    22 ||    94
       Headbutt          |     8 |     4 ||    12
Invok: Berserk           |       |     1 ||     1
  Use: Scroll            |     1 |     2 ||     3
  Eat: Chunk             |     1 |     2 ||     3
Armor: Animal skin       |    13 |     2 ||    15
Dodge: Dodged            |    48 |    15 ||    63

Table legend:
 A = Non-vault XP
 B = Vault XP
 C = Vault XP percentage of total XP
 D = Non-vault monster count
 E = Vault monster count
 F = Vault count percentage of total count
                 A         B        C        D         E       F
            +---------+---------+-------+---------+---------+-------
      Total |     133 |       4 |   2.9 |      39 |       2 |   4.9
            +---------+---------+-------+---------+---------+-------
        D:1 |      40 |       4 |   9.1 |      15 |       2 |  11.8
        D:2 |      68 |       0 |   0.0 |      20 |       0 |   0.0
        D:3 |      25 |       0 |   0.0 |       4 |       0 |   0.0
            +---------+---------+-------+---------+---------+-------
